 Dungeon Crawl Stone Soup version 0.27.0-1-g7a089689b8 (webtiles) character file.

Game seed: 8590787201325357109

86 Alakanar the Skirmisher (level 4, -12/41 HPs)
             Began as a Minotaur Berserker on Aug 6, 2021.
             Was a Believer of Trog.
             Killed by divine providence
             ... invoked by an orc priest
              (13 damage)
             ... on level 3 of the Dungeon.
             The game lasted 00:05:31 (1601 turns).

Alakanar the Skirmisher (Minotaur Berserker)        Turns: 1601, Time: 00:05:34

Health: -12/41     AC:  6    Str: 23    XL:     4   Next: 26%
Magic:  3/3        EV: 10    Int:  4    God:    Trog [**....]
Gold:   153        SH:  0    Dex:  9    Spells: 3/3 levels left

rFire    + + .     SeeInvis .   a - +0 hand axe
rCold    x . .     Faith    .   (no shield)
rNeg     . . .     Spirit   .   i - +0 scale mail
rPois    .         Reflect  .   (helmet restricted)
rElec    .         Harm     .   (no cloak)
rCorr    .         Rampage  .   (no gloves)
Will     .....                  (no boots)
Stlth    ..........             (no amulet)
HPRegen  0.13/turn              n - ring of protection from fire
MPRegen  0.08/turn              o - ring of fire

@: lethally poisoned (-12 -> -15)
A: horns 2, retaliatory headbutt
a: Renounce Religion, Berserk, Trog's Hand


You were on level 3 of the Dungeon.
You worshipped Trog.
Trog was pleased with you.
You visited 1 branch of the dungeon, and saw 3 of its levels.

You collected 153 gold pieces.

Inventory:

Hand Weapons
 a - a +0 hand axe (weapon)
Armour
 b - a +0 animal skin
 f - a +0 leather armour
 i - a +0 scale mail (worn)
 k - a +0 helmet
Jewellery
 n - a ring of protection from fire (left hand)
 o - a ring of fire (right hand)
Wands
 j - a wand of iceblast (13)
Scrolls
 g - 3 scrolls of amnesia {unknown}
 l - 2 scrolls of identify {unknown}
 m - a scroll of enchant armour {unknown}
 q - 3 scrolls of immolation {unknown}
Potions
 c - a potion of mutation {unknown}
 d - a potion of magic {unknown}
 e - a potion of curing {unknown}
 h - a potion of haste {unknown}
 p - 2 potions of cancellation {unknown}


   Skills:
 + Level 4.5 Fighting
 + Level 4.3 Axes
 + Level 3.1 Armour
 + Level 3.1 Dodging
 + Level 0.1 Stealth


You had 3 spell levels left.
You didn't know any spells.
Your spell library was empty.

Dungeon Overview and Level Annotations

Branches:
Dungeon (3/15)

Altars:


Innate Abilities, Weirdness & Mutations

You have a pair of horns on your head.
You reflexively headbutt those who attack you in melee.


Message History

The orc hits you with a +0 club.
You hit the orc.
The orc is moderately wounded.
The orc barely misses you.
You barely miss the orc. You headbutt the orc.
The orc is severely wounded.
You hit the kobold.
You kill the kobold!
Trog accepts your kill. The orc closely misses you. You furiously retaliate!
You headbutt the orc!
You kill the orc!
Trog accepts your kill.
The kobold throws a poisoned dart.
The poisoned dart barely misses you.
The orc priest mumbles some strange prayers to Beogh against you.
Beogh smites you!
Things that are here:
a +0 club; an orc corpse The orc hits you with a +0 mace!
Things that are here:
a +0 hand axe; an orc corpse The kobold throws a poisoned dart.
The poisoned dart hits you!
You are poisoned.
Things that are here:
a +0 short sword; a +0 ring mail You feel sick.
You see here a +0 club.
You hit the orc.
The orc is heavily wounded.
You feel sick. The orc hits you but does no damage.
The orc priest invokes the aid of Beogh against you.
Beogh smites you!
* * * LOW HITPOINT WARNING * * *
You hit the orc.
You kill the orc!
Trog accepts your kill.
* * * LOW HITPOINT WARNING * * *
You feel sick.
The orc priest invokes the aid of Beogh against you.
Beogh smites you!
You die...

#####.# #.# #.. #≈#.#.# #.# #.#
.##≈≈.#.###.# ##.## ######
...≈...:....# ##...## #......
.###.##≈≈≈### #.###.####...####
....#.#.#≈≈≈## #.# #.o..)......#
##.......##≈≈###)###.###)....#.#
#..##≈≈....≈≈.##).)####.#.#.#
#...≈≈..≈≈≈.#..@)K.........>..
#..≈≈##.≈##############.#.#.# #
#..## #.≈# #....... #.. #.## ###
###.# ... #.# .# .. #.# #.#


You could see an orc priest and a kobold.

Vanquished Creatures
  An adder (D:2)
  A worm (D:2)
  4 dart slugs
  7 orcs (D:3)
  5 endoplasms
  4 giant cockroaches (D:1)
  6 goblins
  3 hobgoblins
  7 jackals
  A ball python (D:2)
  5 bats
  5 frilled lizards
  3 kobolds
  3 rats
55 creatures vanquished.

Vanquished Creatures (others)
  4 plants (D:2)
4 creatures vanquished.

Grand Total: 59 creatures vanquished

Notes
Turn   | Place    | Note
-------+----------+-------------------------------------------
     0 | D:1      | Alakanar the Minotaur Berserker began the quest for the
                  | Orb.
     0 | D:1      | Reached XP level 1. HP: 19/19 MP: 0/0
   174 | D:1      | Reached XP level 2. HP: 21/27 MP: 1/1
   671 | D:1      | You fall into a shaft and drop 1 floor!
   676 | D:2      | Reached XP level 3. HP: 33/33 MP: 2/2
   703 | D:2      | Reached ** piety under Trog
  1286 | D:1      | Reached XP level 4. HP: 36/41 MP: 3/3
  1600 | D:3      | HP: 2/41 [orc priest/divine providence (14)]
  1601 | D:3      | Killed from afar by an orc priest

Illustrated notes

Levels and vault maps discovered:
D:1:      tarquinn_simple_flora_water_b, layout_loops_ring,
          nrook_mini_backslash, minmay_worlds_worst_comb
D:2:      cheibrodos_greedy_goblins, layout_rooms, guppyfry_early_lair_pool
D:3:      layout_loops_ring, lemuel_round_altar, lightli_temple_of_fire,
          chequers_serial_rivers_small_b, minivault_26

Skill      XL: |  1  2  3  4 |
---------------+-------------+-----
Fighting       | 4 |  4.5
Axes           | 4 |  4.3
Dodging        | 3 |  3.1
Armour         | 3 |  3.1
Stealth        | |  0.1

Action                   |  1- 3 |  4- 6 || total
-------------------------+-------+-------++-------
Melee: Hand axe          |    74 |    22 ||    96
       Headbutt          |    13 |     5 ||    18
 Stab: Sleeping          |     1 |       ||     1
Armor: Animal skin       |     9 |       ||     9
       Scale mail        |    15 |     4 ||    19
Dodge: Dodged            |    49 |    11 ||    60
